 Dungeon Crawl Stone Soup version 0.31-a0-977-gc230f8ef24 (webtiles) character file.

Game seed: 7151635381623655654

60 Shayle the Poker (level 4, 0/25 HPs)
             Began as a Tengu Hexslinger on Oct 29, 2023.
             Succumbed to an adder's poison
             ... on level 2 of the Dungeon.
             The game lasted 00:02:05 (1313 turns).

Shayle the Poker (Tengu Hexslinger)                 Turns: 1313, Time: 00:02:06

Health: 0/25       AC:  5    Str:  8    XL:     4   Next: 6%
Magic:  6/6        EV:  9    Int: 16    God:
Gold:   109        SH:  4    Dex: 16    Spells: 5/5 levels left

rFire   . . .        a - +1 sling
rCold   . . .        g - +0 buckler
rNeg    . . .        d - +0 ring mail
rPois   .            (helmet restricted)
rElec   .            (no cloak)
rCorr   .            (no gloves)
SInv    .            (boots unavailable)
Will    .....        (no amulet)
Stlth   +            (no ring)
HPRegen 0.24/turn    (no ring)
MPRegen 0.10/turn

%: acrobat
@: lethally poisoned (0 -> -8)
A: beak, talons 3, acrobatic
a: no special abilities


You were on level 2 of the Dungeon.
You visited 1 branch of the dungeon, and saw 2 of its levels.

You collected 109 gold pieces.

Inventory:

Hand Weapons
 a - a +1 sling (weapon)
Armour
 c - a +0 robe
 d - a +0 ring mail (worn)
 g - a +0 buckler (worn)
Scrolls
 b - a scroll of poison
 e - 2 scrolls of identify {unknown}
 f - a scroll of amnesia {unknown}


   Skills:
 - Level 1.0 Fighting
 + Level 3.9 Polearms
 - Level 2.1 Ranged Weapons
 - Level 2.1 Dodging
 - Level 1.0 Spellcasting
 - Level 2.1 Hexes
 - Level 1.1 Fire Magic


You had 5 spell levels left.
You didn't know any spells.
Your spell library contained the following spells:

 Spells                   Type           Power      Damage    Failure   Level
 Jinxbite                 Hex            14%        N/A       58%         2
 Sigil of Binding         Hex            7%         N/A       82%         3
 Inner Flame              Hex/Fire       6%         N/A       88%         3
 Cause Fear               Hex            3%         N/A       99%         4
 Dimensional Bullseye     Hex/Tloc       2%         N/A       100%        4


Dungeon Overview and Level Annotations

Branches:
Dungeon (2/15)

Altars:


Innate Abilities, Weirdness & Mutations

You have a beak for a mouth.
You have claws for feet.
You can magically evade attacks while moving or waiting.


Message History

The adder bites you. The adder closely misses you.
You shoot a sling bullet.
The sling bullet barely misses the adder.
The adder closely misses you. The adder bites you.
You shoot a sling bullet. The sling bullet misses the adder.
The adder bites you but does no damage. x2
You shoot a sling bullet.
The sling bullet closely misses the adder.
The adder bites you but does no damage. The adder barely misses you.
You shoot a sling bullet.
The sling bullet closely misses the adder.
The adder barely misses you. The adder bites you but does no damage.
You shoot a sling bullet.
The sling bullet barely misses the adder.
The adder bites you but does no damage. The adder bites you.
You shoot a sling bullet.
The sling bullet barely misses the adder.
The adder bites you but does no damage. x2
You shoot a sling bullet.
The sling bullet closely misses the adder.
The adder closely misses you. The adder bites you.
You shoot a sling bullet. The sling bullet hits the adder.
The adder is heavily wounded.
The adder bites you but does no damage. x2
You shoot a sling bullet. The sling bullet hits the adder.
The adder is severely wounded.
The adder bites you.
You are poisoned.
The adder poisons you! The adder bites you.
* * * LOW HITPOINT WARNING * * *
You are more poisoned.
The adder poisons you!
You shoot a sling bullet.
The sling bullet closely misses the adder.
* * * LOW HITPOINT WARNING * * *
You feel very sick. You block the adder's attack. The adder misses you.
You shoot a sling bullet.
The sling bullet barely misses the adder.
You die...

#.# #.# #.. ... #.#
#.# #.. #.# #.# #.#
#.# #.# #.# ###.# #.#
#.# ....## #.# #.#
##...# #.# #.#####!#
#.#.###<#####†.@S...#
#...........>.####...#
###.....####### ...
#.##### . #.# #.. #..
#.# #.


You could see an adder.

Vanquished Creatures
  An adder (D:2)
  3 worms (D:2)
  A dart slug (D:1)
  2 ball pythons (D:1)
  4 bats
  4 endoplasms (D:1)
  4 giant cockroaches (D:1)
  5 hobgoblins
  4 kobolds (D:1)
  2 quokkas (D:1)
  3 frilled lizards
  2 goblins
  2 rats (D:1)
37 creatures vanquished.

Notes
Turn   | Place    | Note
-------+----------+-------------------------------------------
     0 | D:1      | Shayle the Tengu Hexslinger began the quest for the Orb.
     0 | D:1      | Reached XP level 1. HP: 12/12 MP: 3/3
    84 | D:1      | Reached skill level 1 in Polearms
   156 | D:1      | Reached XP level 2. HP: 16/16 MP: 4/4
   231 | D:1      | Reached skill level 2 in Polearms
   486 | D:1      | Reached XP level 3. HP: 17/20 MP: 5/5
   554 | D:1      | Reached skill level 3 in Polearms
   860 | D:2      | Found Poppam's Antique Armour Boutique.
  1189 | D:2      | Reached XP level 4. HP: 6/25 MP: 6/6
  1313 | D:2      | Succumbed to an adder's poison

Illustrated notes

Levels and vault maps discovered:
D:1:      ldierk_walled_garden_2, layout_loops_ring, serial_forest,
          infiniplex_forest_clump_tiny, infiniplex_forest_clump_small,
          infiniplex_forest_lined_2, infiniplex_forest_clump_double,
          infiniplex_forest_end_2, infiniplex_forest_clump_double
D:2:      layout_loops_ring, serial_shops, nicolae_square_shop,
          kennysheep_path_1, minmay_domino_4, uniq_jessica

Skill      XL: |  1  2  3 |
---------------+----------+-----
Polearms       | 1 2 3 |  3.9
Fighting       | |  1.0
Ranged Weapons | |  2.1
Dodging        | |  2.1
Spellcasting   | |  1.0
Hexes          | |  2.1
Fire Magic     | |  1.1

Action                     |  1- 3 |  4- 6 || total
---------------------------+-------+-------++-------
   Fire: Sling             |   117 |    25 ||   142
 Armour: Ring mail         |    66 |    27 ||    93
         Robe              |     1 |       ||     1
  Dodge: Dodged            |    44 |    11 ||    55
  Block: Buckler           |    11 |     8 ||    19

Table legend: (Time is in decaauts)
 A = Elapsed time spent in this place.
 B = Non-inter-level travel time spent in this place.
 C = Inter-level travel time spent in this place.
 D = Time resting spent in this place.
 E = Time spent auto-exploring this place.
 F = Levels seen in this place.
 G = Mean time per level.
                   A        B        C        D        E       F      G
               +--------+--------+--------+--------+--------+-----+--------+
         Total |   1387 |   1369 |     18 |    241 |    787 |   2 |  693.5 |
       Dungeon |   1387 |   1369 |     18 |    241 |    787 |   2 |  693.5 |
               +--------+--------+--------+--------+--------+-----+--------+

Top non-repeatable levels by time:
     D:1: 876 daAuts
     D:2: 510 daAuts
